 Dungeon Crawl Stone Soup version 0.31.0-4-g52a2dc7128 (webtiles) character file.

Game seed: 4150191716099830688

1991777 ragingrage the End of an Era (level 27, 207/207 HPs)
             Began as a Merfolk Earth Elementalist on Jan 21, 2024.
             Was the Champion of Qazlal.
             Escaped with the Orb
             ... and 4 runes on Jan 22, 2024!
             The game lasted 02:53:53 (94373 turns).

ragingrage the End of an Era (MfEE)                Turns: 94373, Time: 02:53:53

Health: 207/207    AC: 32    Str: 18    XL:     27
Magic:  38/38      EV: 28    Int: 15    God:    Qazlal [******]
Gold:   5903       SH: 26    Dex: 24    Spells: 8/38 levels left

rFire   + + +        a - +2 Maxwell's thermic engine {flame, freeze, rev}
rCold   + + .        d - +2 kite shield {rC+ rF+}
rNeg    + + .        q - +5 fire dragon scales
rPois   .            S - +2 helmet
rElec   +            x - +2 cloak
rCorr   .            h - +2 pair of gloves {hurl}
SInv    +            y - +3 pair of mountain boots {steadfast, rC+}
Will    +++..        O - amulet "Kosigr Anaqy" {Spirit rElec rN+ Will+ Regen+}
Stlth   +            N - ring "Nischi" {rC+ rN+ Str+4 SInv}
HPRegen 1.34/turn    o - ring of Ojicoisa {EV+5 Dex+2}
MPRegen 0.26/turn

%: repel missiles, guardian spirit
@: no status effects
A: (nimble swimmer 2), mertail, camouflage 1, clumsy 1, frail 1, mutation
resistance 1, strong 1
0: Orb of Zot
}: 4/15 runes: serpentine, barnacled, slimy, silver
a: Renounce Religion, Upheaval, Elemental Force, Disaster Area


You escaped.
You worshipped Qazlal.
Qazlal was exalted by your worship.
You visited 11 branches of the dungeon, and saw 55 of its levels.
You also visited: Trove, Bailey and Ice Cave.

You collected 10193 gold pieces.
You spent 4290 gold pieces at shops.

Inventory:

Hand Weapons
 a - the +2 Maxwell's thermic engine (weapon) {flame, freeze, rev}
   (You found it in a treasure trove)
 b - a +9 antimagic demon blade
Missiles
 z - 19 silver javelins
 K - 14 curare-tipped darts
 L - 7 throwing nets
Armour
 d - a +2 kite shield of resistance (worn)
 h - a +2 pair of gloves of hurling (worn)
 q - +5 fire dragon scales (worn)
 x - a +2 cloak (worn)
 y - the +3 pair of mountain boots (worn) {steadfast, rC+}
   (You found it on level 5 of the Lair of Beasts)

   Steadfast: It prevents involuntary movement, except for blinking,
   teleportation, or banishment.
   rC+:       It protects you from cold.
 S - a +2 helmet (worn)
Jewellery
 o - the ring of Ojicoisa (right hand) {EV+5 Dex+2}
   (You took it off a deep elf demonologist on level 3 of the Elven Halls)

   [ring of evasion]

   EV+5:      It affects your evasion (+5).
   Dex+2:     It affects your dexterity (+2).
 G - the amulet "Peomuphi" {Reflect Rampage ^Fragile rCorr Str+3 SH+5}
   (You found it on level 3 of the Crypt)

   [amulet of reflection]

   Reflect:   It reflects blocked missile attacks.
   Str+3:     It affects your strength (+3).
   rCorr:     It protects you from acid and corrosion.
   ^Fragile:  It will be destroyed if unequipped.
   SH+5:      It affects your SH (+5).
   Rampage:   It bestows one free step when moving towards enemies.
 N - the ring "Nischi" (left hand) {rC+ rN+ Str+4 SInv}
   (You found it on level 1 of the Lair of Beasts)

   [ring of see invisible]

   Str+4:     It affects your strength (+4).
   rC+:       It protects you from cold.
   rN+:       It protects you from negative energy.
   SInv:      It lets you see invisible.
 O - the amulet "Kosigr Anaqy" (around neck) {Spirit rElec rN+ Will+ Regen+}
   (You bought it in a shop on level 4 of the Dungeon)

   [amulet of guardian spirit]

   Spirit:    It causes incoming damage to be divided between your reserves of
   health and magic.
   rElec:     It insulates you from electricity.
   rN+:       It protects you from negative energy.
   Will+:     It increases your willpower.
   Regen+:    It increases your rate of health regeneration.
 R - a ring of resist corrosion
Wands
 c - a wand of mindburst (53)
 l - a wand of quicksilver (15)
 D - a wand of charming (80)
 T - a wand of roots (70)
 Z - a wand of digging (14)
Scrolls
 f - 10 scrolls of fog
 i - 31 scrolls of identify
 k - 2 scrolls of silence
 m - 6 scrolls of blinking
 r - 6 scrolls of fear
 t - 7 scrolls of revelation
 w - 11 scrolls of immolation
 I - 20 scrolls of teleportation
 M - 9 scrolls of vulnerability
 U - 8 scrolls of noise
 W - 10 scrolls of poison
Potions
 e - 8 potions of lignification
 g - 19 potions of curing
 j - 7 potions of berserk rage
 u - 8 potions of magic
 v - 5 potions of brilliance
 A - 8 potions of heal wounds
 B - 3 potions of cancellation
 C - 10 potions of might
 F - 10 potions of attraction
 H - 2 potions of mutation
 J - 9 potions of ambrosia
 P - 4 potions of invisibility
 Q - 6 potions of enlightenment
 X - 2 potions of haste
 Y - 4 potions of resistance
Miscellaneous
 n - a phantom mirror
 p - a tin of tremorstones (2/2)
 s - a lightning rod (4/4)
 E - a phial of floods
 V - a sack of spiders


   Skills:
 - Level 22.0 Fighting
 - Level 18.4 Long Blades
 - Level 12.1 Throwing
 - Level 11.0 Armour
 - Level 20.0 Dodging
 - Level 2.1 Stealth
 - Level 16.3 Shields
 - Level 6.0 Spellcasting
 - Level 0.7 Conjurations
 + Level 8.6 Necromancy
 - Level 13.0 Translocations
 - Level 6.0 Fire Magic
 - Level 4.0 Earth Magic
 - Level 15.9 Alchemy
 - Level 23.0 Invocations
 - Level 15.0 Evocations
 - Level 15.7 Shapeshifting


You had 8 spell levels left.
You knew the following spells:

 Your Spells              Type           Power      Damage    Failure   Level
a - Fugue of the Fallen   Necr           30%        N/A       6%          3
b - Sandblast             Erth           32%        2d9       13%         1
c - Passwall              Erth           16%        N/A       36%         3
d - Eringya's Noxious Bo  Alch           25%        4d6       16%         6
e - Manifold Assault      Tloc           43%        N/A       3%          4
f - Ignite Poison         Fire/Alch      37%        N/A       8%          4
g - Olgreb's Toxic Radia  Alch           51%        N/A       1%          4
h - Yara's Violent Unrav  Hex/Alch       14%        3d7       58%         5

Your spell library contained the following spells:

 Spells                   Type           Power      Damage    Failure   Level
 Sting                    Conj/Alch      100%       1d9       2%          1
 Alistair's Intoxication  Alch           34%        N/A       2%          5
 Cigotuvi's Dreadful Rot  Necr/Alch/Air  58%        N/A       3%          2
 Volatile Blastmotes      Fire/Tloc      66%        2d15      4%          3
 Momentum Strike          Conj/Tloc      50%        3d9       6%          2
 Vampiric Draining        Necr           30%        2d8       6%          3
 Scorch                   Fire           44%        2d6       9%          2
 Kiss of Death            Conj/Necr      72%        2d10      10%         1
 Leda's Liquefaction      Alch/Erth      17%        N/A       11%         4
 Petrify                  Alch/Erth      34%        N/A       11%         4
 Foxfire                  Conj/Fire      56%        2x1d6     17%         1
 Dispel Undead            Necr           30%        3d14      21%         4
 Mephitic Cloud           Conj/Alch/Air  21%        N/A       22%         3
 Fulminant Prism          Conj/Alch      14%        3d9       22%         4
 Iskenderun's Mystic Bla  Conj/Tloc      25%        2d7       38%         4
 Dimensional Bullseye     Hex/Tloc       12%        N/A       43%         4
 Vhi's Electric Charge    Tloc/Air       48%        N/A       43%         4
 Magic Dart               Conj           24%        1d4       45%         1
 Dispersal                Tloc           21%        N/A       45%         6
 Curse of Agony           Necr           30%        N/A       50%         5
 Shock                    Conj/Air       20%        1d4       52%         1
 Freeze                   Ice            16%        1d4       56%         1
 Slow                     Hex            16%        N/A       56%         1
 Searing Ray              Conj           12%        2d4       61%         2
 Stone Arrow              Conj/Erth      22%        3d8       61%         3
 Static Discharge         Conj/Air       10%        3-4/arc   65%         2
 Call Imp                 Summ           8%         N/A       71%         2
 Ensorcelled Hibernation  Hex/Ice        8%         N/A       71%         2
 Jinxbite                 Hex            8%         N/A       71%         2
 Anguish                  Hex/Necr       8%         N/A       75%         4
 Martyr's Knell           Necr/Summ      17%        N/A       75%         4
 Summon Forest            Summ/Tloc      12%        N/A       78%         5
 Borgnjor's Vile Clutch   Necr/Erth      11%        N/A       80%         5
 Flame Wave               Conj/Fire      14%        2d6       86%         4
 Dazzling Flash           Conj/Hex       10%        N/A       87%         3
 Hailstorm                Conj/Ice       5%         3d5       87%         3
 Call Canine Familiar     Summ           4%         N/A       90%         3
 Confusing Touch          Hex            4%         N/A       90%         3
 Frozen Ramparts          Ice            8%         1d2       90%         3
 Ozocubu's Armour         Ice            4%         N/A       90%         3
 Summon Ice Beast         Ice/Summ       4%         N/A       90%         3
 Swiftness                Air            4%         N/A       90%         3
 Tukima's Dance           Hex            4%         N/A       90%         3
 Brom's Barrelling Bould  Conj/Erth      11%        2d3       95%         4
 Death Channel            Necr           15%        N/A       97%         6
 Fireball                 Conj/Fire      7%         3d5       99%         5
 Sculpt Simulacrum        Ice/Alch       14%        N/A       99%         6
 Airstrike                Air            2%         2d(1-17)  100%        4
 Cause Fear               Hex            2%         N/A       100%        4
 Summon Lightning Spire   Summ/Air       4%         N/A       100%        4
 Arcjolt                  Conj/Air       2%         1d12      100%        5
 Freezing Cloud           Conj/Ice/Air   2%         6-21      100%        5
 Iskenderun's Battlesphe  Conj           6%         2d6       100%        5
 Metabolic Englaciation   Hex/Ice        2%         N/A       100%        5
 Silence                  Hex/Air        2%         N/A       100%        5
 Summon Mana Viper        Hex/Summ       4%         N/A       100%        5
 Bombard                  Conj/Erth      5%         9d2       100%        6
 Conjure Ball Lightning   Conj/Air       2%         3x3d6     100%        6
 Plasma Beam              Fire/Air       6%         2x1d17    100%        6
 Starburst                Conj/Fire      7%         6d4       100%        6
 Summon Cactus Giant      Summ           2%         N/A       100%        6
 Enfeeble                 Hex            2%         N/A       100%        7
 Haunt                    Necr/Summ      8%         N/A       100%        7
 Spellforged Servitor     Conj/Summ      2%         N/A       100%        7
 Summon Hydra             Summ           2%         N/A       100%        7
 Borgnjor's Revivificati  Necr           15%        N/A       100%        8
 Disjunction              Tloc           21%        N/A       100%        8
 Maxwell's Capacitive Co  Air            2%         ∞         100%        8
 Chain Lightning          Conj/Air       2%         3d3       100%        9
 Death's Door             Necr           15%        N/A       100%        9
 Dragon's Call            Summ           2%         N/A       100%        9
 Fire Storm               Conj/Fire      7%         8d2       100%        9
 Shatter                  Erth           8%         3d10*     100%        9


Dungeon Overview and Level Annotations

Branches:
Dungeon (15/15)            Temple (0/1) D:6            Lair (5/5) D:10
 Shoals (4/4) Lair:3        Snake (4/4) Lair:3        Slime (5/5) Lair:5
    Orc (2/2) D:11            Elf (3/3) Orc:2        Vaults (5/5) D:14
  Crypt (3/3) Vaults:2       Tomb (0/3) Crypt:3      Depths (4/4) D:15
    Zot (5/5) Depths:4     Bailey (visited)           IceCv (visited)

Altars:
Cheibriados
Elyvilon
Fedhas
Gozag
Hepliaklqana
Kikubaaqudgha
Makhleb
Nemelex Xobeh
Okawaru
Qazlal
Ru
Sif Muna
Trog
Uskayaw
Wu Jian
Yredelemnul
Zin
The Shining One
Jiyva

Shops:
D:3 ?   D:4 =   Orc:2 *(*   Elf:1 *   Shoals:2 (   Snake:2 ==:*   Snake:4 *
Vaults:1 *   Vaults:4 (=[   Zot:1 *   Depths:2 *   Depths:3 *[!

Portals:
Hell: Depths:1 Depths:2 Depths:3 Depths:4
Abyss: Depths:1 Depths:3
Pandemonium: Depths:2
Ziggurat: Depths:4

Annotations:
D:3 exclusions: door and scorpion
Lair:4 2 runed translucent doors, exclusion: downstairs, HunfridMar's ghost, journeyman DECj
Elf:2 3 runed translucent doors
Depths:2 exclusion: orange crystal statue
Zot:2 6 transporters


Innate Abilities, Weirdness & Mutations

((You are very nimble when in or above water. (Stealth+, EV+, Speed+++)))
Your lower body shifts to a powerful aquatic tail in water.
Your skin changes colour to match your surroundings (Stealth+).
You are clumsy. (Dex -2)
You are frail. (-10% HP)
You are somewhat resistant to further mutation.
Your muscles are strong. (Str +4, Int/Dex -1)


Message History

You slice the Orb Guardian!! You burn the Orb Guardian.
You freeze the Orb Guardian.
The Orb Guardian is heavily wounded.
You hit the Orb Guardian but do no damage.
You freeze the Orb Guardian.
The Orb Guardian is heavily wounded.
You block the Orb Guardian's attack. x2
You slash the Orb Guardian! You burn the Orb Guardian.
You freeze the Orb Guardian.
The Orb Guardian is severely wounded.
You block the Orb Guardian's attack.
You barely miss the Orb Guardian.
The Orb Guardian is severely wounded.
You block the Orb Guardian's attack.
You hit the Orb Guardian. You burn the Orb Guardian.
You freeze the Orb Guardian.
The Orb Guardian is severely wounded.
The Orb Guardian misses you.
You slice the Orb Guardian!! You burn the Orb Guardian.
You kill the Orb Guardian!
Qazlal accepts your kill.
No target in view!
No target in view!
There is an open door here.
(D) Dungeon (T) Temple (L) Lair (A) Shoals (P) Snake Pit (M) Slime Pits (O) Orcish Mines (E) Elven Halls (V) Vaults (C) Crypt (W) Tomb (U) Depths (H) Hell (Z) Zot
Where to? (Tab/Enter - D:1 @ (x,y), ? - help)
There is a stone staircase leading up here.
You climb upwards.
There is a stone staircase leading down here.
There is an escape hatch in the ceiling here.
There is a stone staircase leading up here.
You climb upwards.
There is a stone staircase leading down here.
A chaos spawn comes into view.
The chaos spawn moves out of view.
There is a staircase leading out of the dungeon here.
You have escaped!

....#
#.#...........#.#######..
....######.....#.#.....## ###
##......#......#4#......#
#......#......#.#......######
##...###....#.#.#.#....#....#
#.#...#...##.#.#.##...#..>.#
#.###.#.....⌠#.#⌠.....#....#
#.# #.#..#####.#####..#....#
#.# #..[.(....@............#
#.# ###..#####.#####..#....##
#.# #.....⌠#.#⌠.....#.....#
#.# #...##.#.#.##...###.#.#
#.# #....#.#.#.#....# #.#.#
#)# #......#.#......# #.#.#
#.# #......#.#......###.#.###
#.# ##.....#.#.....##........
#.# #.#...........#.###.#.###


You could see a chaos spawn.

Vanquished Creatures
  the Royal Jelly (Slime:5)
  Dissolution (Slime:1)
  7 dread liches
  A pandemonium lord (D:15)
  Frederick (Crypt:3)
  4 ancient liches (Zot:5)
  5 orbs of fire
  Mara (Vaults:5)
  Sojobo (Depths:3)
  Boris (twice) (Vaults:1 Crypt:3)
  Bai Suzhen (Crypt:2)
  2 Killer Klowns (Zot:5)
  4 curse toes
  Margery (Crypt:3)
  8 golden dragons
  3 profane servitors
  Jory (Crypt:3)
  3 bone dragons
  2 electric golems (Zot:5)
  21 tentacled monstrosities
  Rupert (Lair:5)
  Asterion (Snake:4)
  6 titans
  2 hellephants
  27 Orb Guardians
  4 liches
  9 quicksilver dragons
  3 ancient champions
  12 acid blobs
  3 krakens
  8 sphinxes
  3 deep elf master archers
  7 death cobs
  Kirke (Lair:4)
  9 tengu reavers
  9 storm dragons
  Donald (Snake:4)
  Agnes (Snake:4)
  11 shadow dragons
  2 revenants
  14 rockslimes
  3 nagarajas
  8 protean progenitors
  15 azure jellies
  22 vault wardens
  8 draconian knights
  6 draconian monks
  A balrug (Depths:2)
  6 deep elf sorcerers
  3 iron dragons
  6 fire giants
  8 draconian shifters
  9 frost giants
  Louise (Shoals:2)
  8 draconian scorchers
  13 ghouls
  A curse skull (Vaults:2)
  A ghost moth (Zot:2)
  5 deep elf elementalists
  9 formless jellyfish
  16 quicksilver oozes
  6 draconian annihilators
  3 orc warlords
  10 draconian stormcallers
  2 reapers
  A juggernaut skeleton (Crypt:1)
  22 stone giants
  15 ironbound preservers
  20 very ugly things
  7 green draconians
  10 ironbound thunderhulks
  9 vampire knights
  10 deep elf death magi
  6 dire elephants
  10 black draconians
  2 bunyips (Zot:3)
  11 red draconians
  11 deep elf demonologists
  A bunyip (shapeshifter) (Depths:4)
  8 deep elf annihilators
  11 white draconians
  10 yellow draconians
  14 purple draconians
  Snorg (Lair:4)
  5 war gargoyles
  10 spark wasps
  5 eidola
  A quicksilver dragon zombie (Depths:1)
  2 blizzard demons
  20 ettins
  6 crystal guardians (Depths:2)
  13 fire dragons
  2 merfolk javelineers
  31 jiangshi
  11 yaktaur captains
  11 deep elf high priests
  13 merfolk impalers
  13 great orbs of eyes
  4 entropy weavers
  4 rakshasas
  5 hydras
  Erolcha (D:13)
  A caustic shrike simulacrum (IceCv)
  9 ogre magi
  3 ice dragons
  The ghost of shadowrider38 the Placeless Armataur, a journeyman AtCj of Ashenzari (Lair:1)
  49 vault guards
  A spriggan skeleton (Depths:1)
  2 radroaches (Zot:5)
  3 catoblepae
  3 salamander tyrants (Snake:4)
  2 peacekeepers
  3 merfolk aquamancers
  2 alligator snapping turtles
  2 merfolk avatars
  9 centaur warriors
  3 ironbound frosthearts (Vaults:1)
  8 boulder beetles
  4 jorogumos
  17 two-headed ogres
  10 deep troll shamans
  11 anacondas
  A satyr (shapeshifter) (Vaults:4)
  9 vampire magi
  Erica (D:9)
  9 death yaks (Lair:5)
  4 death knights
  10 naga warriors
  25 dancing weapons
  3 tengu warriors
  12 deep troll earth magi
  2 satyrs
  A sphinx skeleton (Vaults:1)
  2 spriggan berserkers
  2 shock serpents (Snake:4)
  5 naga sharpshooters
  An orc high priest (Orc:2)
  A sun demon (Depths:3)
  4 hell knights (Crypt:3)
  6 occultists
  4 shadow wraiths (Crypt:3)
  2 soul eaters (Crypt:2)
  13 deep elf knights
  A skyshark (shapeshifter) (Vaults:3)
  A sixfirhy (Zot:4)
  9 iron trolls
  3 salamander mystics
  A spark wasp zombie (Depths:1)
  6 skysharks
  27 skeletal warriors
  54 deep trolls
  10 sea snakes
  7 mana vipers
  2 swamp dragons
  9 naga ritualists
  16 deep elf archers
  12 phantasmal warriors
  11 lindwurms
  6 glowing orange brains
  A kraken simulacrum (Shoals:4)
  2 orange crystal statues
  2 tengu zombies
  Pikel (D:8)
  11 arcanists
  2 bog bodies (Crypt:1)
  5 flayed ghosts
  23 deep elf zephyrmancers
  30 ironbound convokers
  6 necromancers
  21 harpies
  13 orc knights
  38 deep elf pyromancers
  35 ugly things
  A fire giant zombie (Vaults:1)
  10 shining eyes
  A glowing shapeshifter (Vaults:4)
  7 salamanders
  13 manticores
  A shining eye (shapeshifter) (Vaults:5)
  9 fauns
  5 orc sorcerers
  18 cyclopes
  A salamander (shapeshifter) (D:14)
  A manticore (shapeshifter) (Vaults:5)
  A fire giant skeleton (Vaults:2)
  5 large abominations
  4 elephants (Lair:5)
  29 moths of wrath
  A rust devil (D:15)
  31 black mambas
  A water nymph (Shoals:2)
  A frost giant skeleton (Crypt:2)
  8 guardian serpents
  An iron dragon skeleton (Depths:1)
  7 merfolk sirens
  9 meliai (D:13)
  3 eyes of devastation
  A torpor snail (Lair:5)
  An orange demon (Zot:3)
  19 vault sentinels
  15 naga magi
  A gargoyle (Depths:3)
  A smoke demon (D:12)
  2 rime drakes
  8 cane toads
  3 unseen horrors
  13 freezing wraiths
  A shock serpent skeleton (Crypt:1)
  8 komodo dragons
  A centaur skeleton (D:15)
  An efreet (D:13)
  26 yaktaurs
  An anaconda simulacrum (IceCv)
  A catoblepas skeleton (Crypt:1)
  A red devil (D:15)
  A steelbarb worm zombie (Crypt:2)
  3 tengu conjurers
  2 unseen horror zombies (D:9)
  A harpy zombie (Crypt:3)
  A shadow dragon simulacrum (Depths:1)
  35 merfolk
  5 polar bears
  A queen bee (D:13)
  10 trolls
  An alligator simulacrum (IceCv)
  9 wind drakes
  5 hornets
  A guardian serpent zombie (Crypt:2)
  11 blink frogs
  A jumping spider zombie (Crypt:1)
  A tarantella zombie (Crypt:1)
  2 ettin zombies
  8 glass eyes
  12 snapping turtles
  15 dream sheep
  A jumping spider (Vaults:3)
  92 slime creatures
  A culicivora (Vaults:5)
  42 yaks
  12 water elementals
  A ynoxinul (Depths:2)
  2 dire elephant simulacra
  4 shadows
  2 vampires (Depths:3)
  3 air elementals
  8 wyverns
  A neqoxec (Zot:4)
  7 wraiths
  2 humans
  13 wargs
  Grum (D:9)
  A basilisk (shapeshifter) (Elf:3)
  11 golden eyes
  3 basilisks
  5 fire elementals
  9 vampire mosquitoes
  2 chaos spawn (Depths:1)
  4 hogs
  4 redbacks
  A redback (shapeshifter) (Vaults:5)
  A glowing shapeshifter zombie (Depths:1)
  3 harpy simulacra (IceCv)
  5 steam dragons
  32 nagas
  An elf skeleton (Vaults:1)
  2 acid dragons
  14 water moccasins
  40 orc warriors
  An ice beast (shapeshifter) (Vaults:5)
  29 laughing skulls
  9 ogres
  An ettin simulacrum (IceCv)
  3 black bears
  An ice beast (D:7)
  6 boggarts
  A hog zombie (Crypt:2)
  6 centaurs
  23 wolves
  A torpor snail zombie (Crypt:2)
  3 lemures (D:8)
  A weeping skull (Crypt:3)
  6 kobold brigands
  A komodo dragon zombie (Crypt:1)
  2 spectral wargs (Depths:3)
  17 bullfrogs
  2 gnoll sergeants
  8 necrophages
  3 scorpions
  10 small abominations
  9 wights
  A wyvern skeleton (Crypt:1)
  4 burial acolytes (Crypt:3)
  28 killer bees
  A howler monkey (D:7)
  A shapeshifter skeleton (Crypt:2)
  A wolf zombie (Crypt:2)
  A crimson imp (D:14)
  3 bombardier beetles
  4 centaur zombies
  4 human simulacra
  16 jellies
  A gnoll bouda (D:3)
  5 hounds
  28 orc priests
  3 iguanas
  23 orc wizards
  2 sleepcaps
  A basilisk skeleton (Crypt:1)
  A boggart skeleton (Crypt:2)
  A sky beast zombie (Crypt:1)
  A crocodile skeleton (Crypt:2)
  7 adders
  10 gnolls
  A howler monkey skeleton (Crypt:1)
  A shadow imp (D:7)
  A white imp (D:6)
  3 ribbon worms
  2 dart slugs (D:3)
  139 orcs
  11 endoplasms
  2 giant cockroaches
  6 goblins
  4 hobgoblins
  3 jackals
  4 quokkas
  3 training dummies (Shoals:2)
  7 ball pythons
  6 bats
  A frilled lizard (D:3)
  41 kobolds
  6 rats
  An aspiring flesh (Zot:3)
  8 tentacles
2602 creatures vanquished.

Vanquished Creatures (collateral kills)
  Nikola (Snake:4)
  A tentacled monstrosity (Zot:2)
  A titan (Vaults:5)
  A nagaraja (Snake:4)
  2 yaktaur captains (Vaults:1)
  Fannar (Lair:2)
  A death yak (Lair:5)
  A naga warrior (Snake:4)
  2 salamander mystics (Snake:4)
  An ironbound convoker (Vaults:1)
  A salamander (Snake:4)
  2 black mambas
  A gargoyle (D:10)
  A rime drake (Lair:2)
  A komodo dragon (Lair:4)
  4 dream sheep (Lair:3)
  A slime creature (Vaults:1)
  2 yaks (Lair:2)
  A vampire mosquito (D:12)
  An acid dragon (D:10)
  An orc warrior (D:10)
  A wolf (D:9)
  2 bullfrogs
  An orc wizard (D:10)
  An orc (D:10)
33 creatures vanquished.

Vanquished Creatures (others)
  A draconian knight (Depths:4)
  2 fire giants
  A jiangshi (Depths:1)
  A yaktaur captain (Vaults:3)
  A deep troll shaman (Lair:5)
  A shock serpent (Snake:1)
  A deep elf zephyrmancer (Elf:2)
  A harpy (Shoals:2)
  A spriggan (D:14)
  A water elemental (Depths:2)
  An orc warrior (Vaults:5)
  A wolf (D:9)
  A killer bee (D:8)
  An orc (D:8)
  21 tentacles
36 creatures vanquished.

Grand Total: 2671 creatures vanquished

Notes
Turn   | Place    | Note
-------+----------+-------------------------------------------
     0 | D:1      | ragingrage the Merfolk Earth Elementalist began the quest
                  | for the Orb.
     0 | D:1      | Reached XP level 1. HP: 13/13 MP: 3/3
   249 | D:1      | Reached XP level 2. HP: 19/19 MP: 0/5
   918 | D:2      | Reached XP level 3. HP: 24/24 MP: 4/6
  1339 | D:2      | Reached skill level 1 in Long Blades
  1719 | D:3      | Reached XP level 4. HP: 29/30 MP: 3/7
  2135 | D:3      | Noticed a scorpion
  2309 | D:3      | Found an ancient bone altar of Kikubaaqudgha.
  2343 | D:3      | Found Kyutzorr's Magic Scroll Boutique.
  2346 | D:3      | Bought a scroll of enchant armour for 97 gold pieces
  3651 | D:4      | Reached XP level 5. HP: 17/35 MP: 1/8
  4262 | D:4      | Reached skill level 5 in Long Blades
  4262 | D:4      | Reached XP level 6. HP: 33/41 MP: 5/9
  4475 | D:4      | Found Mine's Jewellery Boutique.
  4885 | D:5      | Entered Level 5 of the Dungeon
  4944 | D:5      | Found a hide-covered altar of Uskayaw.
  4945 | D:5      | Found a sacrificial altar of Ru.
  4945 | D:5      | Found a stormy altar of Qazlal.
  4966 | D:5      | Became a worshipper of Qazlal Stormbringer
  5049 | D:5      | Identified the +2 scimitar "Dragonbane" {freeze, rF- Str+5}
  5358 | D:5      | Noticed a water moccasin
  5368 | D:5      | Killed a water moccasin
  5369 | D:5      | Reached XP level 7. HP: 46/46 MP: 10/10
  5919 | D:6      | Found a white marble altar of Elyvilon.
  6193 | D:5      | Reached XP level 8. HP: 46/52 MP: 11/11
  6306 | D:6      | Identified the +1 robe of Opybb {Dex+3}
  6396 | D:6      | Reached skill level 10 in Long Blades
  6405 | D:6      | Reached * piety under Qazlal
  6522 | D:6      | Reached skill level 1 in Evocations
  6759 | D:6      | Found a staircase to the Ecumenical Temple.
  7168 | D:7      | Reached XP level 9. HP: 58/58 MP: 12/12
  7213 | D:7      | Reached ** piety under Qazlal
  7214 | D:7      | Reached skill level 1 in Fighting
  7281 | D:7      | Found a glowing golden altar of the Shining One.
  7306 | D:7      | Reached skill level 1 in Invocations
  7595 | D:7      | Found an iron altar of Okawaru.
  7648 | D:7      | Reached skill level 2 in Invocations
  7934 | D:8      | Noticed Pikel
  7944 | D:8      | Killed Pikel
  7945 | D:8      | Reached skill level 5 in Dodging
  7945 | D:8      | Reached skill level 3 in Invocations
  7997 | D:8      | Found a flagged portal.
  8063 | D:8      | Reached skill level 4 in Invocations
  8125 | D:8      | Reached skill level 5 in Fighting
  8128 | D:8      | Reached skill level 5 in Invocations
  8162 | Bailey   | Entered a bailey
  8315 | Bailey   | Reached XP level 10. HP: 74/74 MP: 14/14
  8363 | Bailey   | Noticed an orc knight
  8379 | Bailey   | Reached skill level 6 in Invocations
  8467 | Bailey   | Killed an orc knight
  8468 | Bailey   | Reached skill level 7 in Invocations
  8565 | Bailey   | Reached skill level 8 in Invocations
  8591 | Bailey   | Found a large runed translucent door.
  8591 | Bailey   | Found a large runed translucent door.
  8592 | Bailey   | Noticed a deep elf pyromancer
  8684 | Bailey   | Killed a deep elf pyromancer
  8707 | Bailey   | Identified the +5 chain mail "Etty" {Int+4}
  8978 | D:8      | Noticed a two-headed ogre
  9001 | D:8      | Killed a two-headed ogre
  9002 | D:8      | Reached skill level 9 in Invocations
  9337 | D:8      | Reached skill level 10 in Invocations
  9372 | D:8      | Reached *** piety under Qazlal
  9603 | D:8      | Identified the +7 falchion "Hyskyemn" {holy, MP+9 Str+7}
  9982 | D:9      | Reached skill level 11 in Invocations
 10026 | D:9      | Found a snail-covered altar of Cheibriados.
 10069 | D:9      | Noticed Grum
 10076 | D:9      | Reached XP level 11. HP: 65/79 MP: 14/19
 10115 | D:9      | Killed Grum
 10235 | D:9      | Found a blossoming altar of Fedhas.
 10238 | D:9      | Found a glowing silver altar of Zin.
 10270 | D:9      | Found a burning altar of Makhleb.
 10273 | D:9      | Found a sparkling altar of Nemelex Xobeh.
 10453 | D:9      | Found a bloodstained altar of Trog.
 10714 | D:9      | Found an ornate altar of the Wu Jian Council.
 10731 | D:9      | Reached skill level 1 in Throwing
 10759 | D:9      | Noticed Erica
 10767 | D:9      | Killed Erica
 10934 | D:10     | Entered Level 10 of the Dungeon
 11016 | D:10     | Noticed a two-headed ogre
 11026 | D:10     | Noticed a two-headed ogre
 11030 | D:10     | Killed a two-headed ogre
 11040 | D:10     | Killed a two-headed ogre
 11041 | D:10     | Reached skill level 12 in Invocations
 11184 | D:10     | Noticed a boulder beetle
 11200 | D:10     | Reached **** piety under Qazlal
 11552 | D:10     | Reached XP level 12. HP: 80/86 MP: 18/21
 11633 | D:10     | Identified the +1 mace "Beastbane" {elec, rElec Str+8 Int-2
                  | Dex+5}
 11644 | D:10     | Found a staircase to the Lair.
 11907 | D:10     | Killed a boulder beetle
 12042 | D:10     | Reached skill level 13 in Invocations
 12056 | D:10     | Reached skill level 10 in Dodging
 12395 | D:10     | Found a hazy altar of Hepliaklqana.
 13292 | D:11     | Noticed a boulder beetle
 13310 | D:11     | Killed a boulder beetle
 13349 | D:11     | Found a staircase to the Orcish Mines.
 13938 | D:11     | Noticed a two-headed ogre
 13946 | D:11     | Killed a two-headed ogre
 13947 | D:11     | Reached skill level 14 in Invocations
 14116 | Lair:1   | Entered Level 1 of the Lair of Beasts
 14150 | Lair:1   | Reached ***** piety under Qazlal
 14419 | D:4      | Bought the amulet "Kosigr Anaqy" {Spirit rElec rN+ Will+
                  | Regen+} for 645 gold pieces
 14682 | Lair:1   | Found a runed translucent gate.
 14682 | Lair:1   | Found a runed translucent gate.
 14682 | Lair:1   | Found a runed translucent gate.
 14682 | Lair:1   | Noticed shadowrider38's ghost (journeyman AtCj)
 14682 | Lair:1   | Noticed a great orb of eyes
 14702 | Lair:1   | Found a viscous altar of Jiyva.
 14708 | Lair:1   | Identified the +7 falchion of a ziggurat {freeze, rPois
                  | Will- Int+2}
 14884 | Lair:1   | Identified a scroll of acquirement
 15428 | Lair:2   | Noticed Fannar
 15440 | Lair:2   | Killed Fannar
 15441 | Lair:2   | Reached XP level 13. HP: 90/93 MP: 16/23
 15455 | Lair:1   | Reached skill level 5 in Evocations
 16970 | Lair:3   | Found a staircase to the Shoals.
 17075 | Lair:3   | Found a staircase to the Snake Pit.
 17173 | Lair:3   | Reached skill level 1 in Armour
 17298 | Lair:3   | Got the Guide on Reagents
 17304 | Lair:3   | Learned a level 4 spell: Olgreb's Toxic Radiance
 17770 | Lair:4   | Reached skill level 1 in Alchemy
 18022 | Lair:4   | Noticed Snorg
 18030 | Lair:4   | Killed Snorg
 18334 | Lair:4   | Found a runed translucent door.
 18557 | Lair:4   | Found a runed translucent door.
 18559 | Lair:4   | Noticed HunfridMar's ghost (journeyman DECj)
 18740 | Lair:5   | Entered Level 5 of the Lair of Beasts
 18754 | Lair:4   | Reached XP level 14. HP: 108/108 MP: 24/24
 18863 | Lair:5   | Noticed Kirke
 18891 | Lair:5   | Noticed Rupert
 18929 | Lair:4   | Killed Kirke
 18971 | Lair:4   | Reached skill level 5 in Alchemy
 19298 | Lair:5   | Killed Rupert
 19299 | Lair:5   | Reached skill level 10 in Fighting
 19393 | Lair:5   | Found the +3 pair of mountain boots {steadfast, rC+}
 19569 | Lair:5   | Noticed a dire elephant
 19595 | Lair:5   | Killed a dire elephant
 20110 | Lair:5   | Found a viscous altar of Jiyva.
 20111 | Lair:5   | Found a staircase to the Slime Pits.
 20452 | Orc:1    | Entered Level 1 of the Orcish Mines
 20815 | Orc:2    | Entered Level 2 of the Orcish Mines
 20866 | Orc:2    | Reached skill level 10 in Alchemy
 21186 | Orc:2    | Reached ****** piety under Qazlal
 21187 | Orc:2    | Reached XP level 15. HP: 92/120 MP: 14/25
 21476 | Orc:2    | Paralysed by an ogre mage for 4 turns
 21965 | Orc:2    | Found Vugri's General Store.
 21972 | Orc:2    | Bought a phial of floods for 640 gold pieces
 21972 | Orc:2    | Bought a scroll of teleportation for 48 gold pieces
 22087 | Orc:2    | Found a staircase to the Elven Halls.
 22364 | Orc:2    | Found a burning altar of Makhleb.
 22488 | Orc:2    | Found a shimmering blue altar of Sif Muna.
 22576 | Orc:2    | Found Jeoqi's Antique Weapon Shop.
 22681 | Orc:2    | Found Fisikirr's General Store.
 23489 | D:13     | Reached skill level 15 in Invocations
 23708 | D:13     | Noticed Erolcha
 23717 | D:13     | Killed Erolcha
 24087 | D:13     | Reached XP level 16. HP: 129/133 MP: 25/27
 24527 | D:14     | Found a gate to the Vaults.
 24880 | D:14     | Found an opulent altar of Gozag.
 25080 | D:15     | Entered Level 15 of the Dungeon
 25141 | D:15     | Reached skill level 16 in Invocations
 25700 | D:15     | Reached skill level 10 in Evocations
 25740 | D:15     | Found a staircase to the Depths.
 26323 | Lair:1   | Killed shadowrider38's ghost
 26343 | Lair:1   | Identified the ring "Nischi" {rC+ rN+ Str+4 SInv}
 26407 | Snake:1  | Entered Level 1 of the Snake Pit
 26741 | Snake:1  | Found a glacial archway.
 26760 | IceCv    | Entered an ice cave
 26762 | IceCv    | Reached skill level 17 in Invocations
 26816 | IceCv    | Found a transporter.
 26831 | IceCv    | Found a transporter.
 26905 | IceCv    | Identified the +1 hat of Liblosm {rPois Int+2}
 26907 | IceCv    | Identified the ring "Woiggoma" {Ice Int+4 Slay+3}
 27008 | Snake:1  | Found a glowing golden altar of the Shining One.
 27027 | Snake:1  | Learned a level 3 spell: Passwall
 27859 | Snake:2  | Noticed a nagaraja
 27867 | Snake:2  | Killed a nagaraja
 27944 | Snake:1  | Reached XP level 17. HP: 136/139 MP: 20/29
 28014 | Snake:2  | Found a basalt altar of Yredelemnul.
 28097 | Snake:2  | Found Tepu's Overcharged Wands.
 28241 | Snake:2  | Reached skill level 18 in Invocations
 28811 | Snake:2  | Found Giasmag's Book Emporium.
 28811 | Snake:2  | Found Roamigh's Jewellery Shop.
 28812 | Snake:2  | Found Imeonoyxt's Jewellery Shop.
 29767 | Snake:3  | Got Sif Muna's Tome of Damaging Electrocution
 29806 | Snake:3  | Got the Treatise on Charms
 30231 | Snake:4  | Entered Level 4 of the Snake Pit
 30231 | Snake:4  | Noticed Asterion
 30238 | Snake:4  | Killed Asterion
 30353 | Snake:3  | Learned a level 4 spell: Ignite Poison
 30398 | Snake:4  | Reached skill level 15 in Dodging
 30473 | Snake:4  | Found Xaeph's Gadget Gallery.
 30478 | Snake:4  | Bought a phantom mirror for 400 gold pieces
 30478 | Snake:4  | Bought a sack of spiders for 400 gold pieces
 30511 | Snake:4  | Noticed Nikola
 30520 | Snake:4  | Killed Nikola
 30528 | Snake:4  | Reached skill level 1 in Fire Magic
 30641 | Snake:4  | Noticed Agnes
 30644 | Snake:4  | Killed Agnes
 30846 | Snake:4  | Reached skill level 15 in Long Blades
 31307 | Snake:4  | Reached skill level 15 in Fighting
 31598 | Snake:4  | Noticed Donald
 31615 | Snake:4  | Killed Donald
 32392 | Snake:4  | Reached XP level 18. HP: 131/149 MP: 18/31
 32787 | Snake:4  | Got a serpentine rune of Zot
 33393 | Elf:1    | Entered Level 1 of the Elven Halls
 33412 | Elf:1    | Reached skill level 1 in Shields
 33414 | Elf:1    | Found Gojauj's General Store.
 33417 | Elf:1    | Found a huge runed translucent gate.
 33418 | Elf:1    | Found a huge runed translucent gate.
 33419 | Elf:1    | Found a huge runed translucent gate.
 33420 | Elf:1    | Found a huge runed translucent gate.
 33420 | Elf:1    | Found a huge runed translucent gate.
 33420 | Elf:1    | Found a huge runed translucent gate.
 33420 | Elf:1    | Found a huge runed translucent gate.
 33421 | Elf:1    | Found a huge runed translucent gate.
 33422 | Elf:1    | Found a huge runed translucent gate.
 33593 | Elf:1    | Found a huge runed translucent gate.
 33593 | Elf:1    | Found a huge runed translucent gate.
 33593 | Elf:1    | Found a huge runed translucent gate.
 33593 | Elf:1    | Found a huge runed translucent gate.
 33594 | Elf:1    | Found a huge runed translucent gate.
 33595 | Elf:1    | Found a huge runed translucent gate.
 33595 | Elf:1    | Found a huge runed translucent gate.
 34191 | Elf:1    | Found a huge runed translucent gate.
 34192 | Elf:1    | Found a huge runed translucent gate.
 34193 | Elf:1    | Found a huge runed translucent gate.
 34194 | Elf:1    | Found a huge runed translucent gate.
 34195 | Elf:1    | Found a huge runed translucent gate.
 34195 | Elf:1    | Found a huge runed translucent gate.
 34199 | Elf:1    | Found a huge runed translucent gate.
 34200 | Elf:1    | Found a huge runed translucent gate.
 34201 | Elf:1    | Found a huge runed translucent gate.
 34201 | Elf:1    | Found a huge runed translucent gate.
 34246 | Elf:1    | Found a huge runed translucent gate.
 34246 | Elf:1    | Found a huge runed translucent gate.
 34246 | Elf:1    | Found a huge runed translucent gate.
 34246 | Elf:1    | Found a huge runed translucent gate.
 34247 | Elf:1    | Found a huge runed translucent gate.
 34247 | Elf:1    | Found a huge runed translucent gate.
 34248 | Elf:1    | Found a huge runed translucent gate.
 34248 | Elf:1    | Found a huge runed translucent gate.
 34248 | Elf:1    | Found a huge runed translucent gate.
 34248 | Elf:1    | Found a huge runed translucent gate.
 34669 | Elf:1    | Reached skill level 5 in Shields
 36143 | Elf:2    | Found a runed translucent gate.
 36143 | Elf:2    | Found a runed translucent gate.
 36143 | Elf:2    | Found a runed translucent gate.
 36233 | Elf:2    | Reached skill level 5 in Fire Magic
 36572 | Elf:3    | Entered Level 3 of the Elven Halls
 37196 | Elf:3    | Identified the +4 hand axe "Hefoehas" {freeze, MP+9 Int+2}
 37857 | Elf:3    | Reached XP level 19. HP: 153/155 MP: 16/32
 38631 | Elf:3    | Identified the +8 broad axe "Gephebbe" {elec, rC+}
 38631 | Elf:3    | Identified the amulet "Napof" {Acrobat Str+3}
 38857 | Elf:3    | Identified the ring of Ojicoisa {EV+5 Dex+2}
 38868 | Elf:3    | Noticed a Hell Sentinel
 39306 | Elf:3    | Identified the +10 morningstar of Execution {flame, MP-9
                  | Str+7 Dex+2}
 39737 | Elf:3    | Identified the +11 whip of Dissent {freeze, Str+3}
 40091 | Elf:3    | Identified the amulet of the Three Mouths {Faith rCorr
                  | Str+3 Int+4}
 40263 | Elf:3    | Identified the ring "Osusoenu" {^Contam rCorr Str+4}
 40419 | Elf:3    | Identified the staff of Victory {rN+++ rCorr Str-5 Tloc
                  | Earth}
 40452 | Elf:3    | Got the Enchiridion on Overcast Reformation
 40461 | Elf:3    | Identified the +7 arbalest "Qodu Imozit" {freeze, Stlth+}
 40768 | Vaults:1 | Entered Level 1 of the Vaults
 40812 | D:14     | Reached skill level 5 in Armour
 40992 | Vaults:1 | Noticed Boris
 41004 | Vaults:1 | Killed Boris
 41393 | Vaults:1 | Reached skill level 10 in Shields
 41801 | Vaults:1 | Got the Elucidation of the Exiled Spirits
 41913 | Vaults:1 | Identified the +7 battleaxe of Laefiaha {heavy, Int+4 Dex+3
                  | SInv}
 41974 | Vaults:1 | Found Libb's General Store.
 42211 | Vaults:1 | Learned a level 6 spell: Eringya's Noxious Bog
 43576 | Vaults:2 | Reached XP level 20. HP: 164/164 MP: 12/33
 44357 | Vaults:2 | Found a staircase to the Crypt.
 45394 | Vaults:3 | Reached skill level 15 in Alchemy
 47533 | Vaults:3 | Identified the ring of Uvvecw {rElec rF+ Str+4}
 48098 | Vaults:4 | Reached XP level 21. HP: 173/173 MP: 19/34
 48161 | Vaults:4 | Acquired 695 gold pieces
 48171 | Vaults:4 | Found Ennaeria's Weapon Emporium.
 48175 | Vaults:4 | Found a portal to a secret trove of treasure.
 48177 | Vaults:4 | Found Mecih's Jewellery Shoppe.
 48227 | Trove    | Entered a treasure trove
 48229 | Trove    | Found a bloodstained altar of Trog.
 48259 | Trove    | Identified the +8 glaive "Killer Klown's Bane" {elec,
                  | ^Fragile rC+ Stlth+}
 48262 | Trove    | Identified the +4 flail "Keiluroa" {antimagic, Will- Int+6}
 48279 | Trove    | Found the +2 Maxwell's thermic engine {flame, freeze, rev}
 48296 | Trove    | Identified the +2 orcbow "Jycimaefi" {flame, +Blink rF-
                  | rN+++ Int+6}
 49598 | Vaults:4 | Paralysed by a formless jellyfish for 1 turns
 50225 | Vaults:4 | Found Daploo's Armour Emporium.
 50690 | Depths:1 | Entered Level 1 of the Depths
 51089 | Depths:1 | Found a gateway to Hell.
 51718 | Depths:1 | Found a one-way gate to the infinite horrors of the Abyss.
 52268 | Depths:2 | Reached XP level 22. HP: 175/181 MP: 7/35
 52292 | Depths:2 | Reached skill level 15 in Evocations
 52842 | Depths:2 | Found Zyismi's General Store.
 52906 | Depths:2 | Found a one-way gate leading to the halls of Pandemonium.
 54135 | Depths:3 | Noticed a golden dragon
 54155 | Depths:3 | Killed a golden dragon
 54244 | Depths:3 | Noticed Sojobo
 54254 | Depths:3 | Paralysed by an air elemental for 1 turns
 54281 | Depths:3 | Paralysed by an air elemental for 1 turns
 54285 | Depths:3 | Killed Sojobo
 54967 | Shoals:1 | Entered Level 1 of the Shoals
 55420 | Shoals:1 | Reached skill level 15 in Shields
 55840 | Shoals:2 | Reached skill level 19 in Invocations
 55842 | Shoals:2 | Noticed Louise
 55860 | Shoals:2 | Killed Louise
 56223 | Shoals:2 | Found Qupt's Firing Range.
 56299 | Shoals:2 | Reached XP level 23. HP: 171/190 MP: 9/36
 57103 | Shoals:3 | Identified the -2 tower shield of Crawling {-Cast rElec rN+
                  | Slay+3}
 57668 | Shoals:4 | Entered Level 4 of the Shoals
 57797 | Shoals:4 | Reached skill level 5 in Throwing
 57954 | Shoals:4 | Reached skill level 20 in Invocations
 58455 | Shoals:4 | Identified the ring "Piaxtop" {Wiz Str+2 SInv}
 58657 | Shoals:4 | Learned a level 4 spell: Manifold Assault
 58728 | Shoals:4 | Reached skill level 1 in Translocations
 58749 | Shoals:4 | Identified the +1 pair of gloves of Hedonism {*Slow rF+
                  | rC+}
 58782 | Shoals:4 | Acquired the ring of Rinnirey {rPois Str+5 Stlth+}
 59251 | Shoals:4 | Got a barnacled rune of Zot
 59938 | Depths:3 | Found a bloodstained altar of Trog.
 59965 | Depths:3 | Noticed a dread lich
 59976 | Depths:3 | Killed a dread lich
 59993 | Depths:3 | Found an ancient bone altar of Kikubaaqudgha.
 60111 | Depths:3 | Reached skill level 5 in Translocations
 60222 | Depths:3 | Found The Legendary Ampam's Legendary Smithy.
 60239 | Depths:3 | Found Poetaiph's General Store.
 60250 | Depths:3 | Bought a wand of roots (2) for 91 gold pieces
 60284 | Depths:3 | Found a glowing silver altar of Zin.
 60312 | Depths:3 | Found Nibueg's Miraculous Elixirs.
 60944 | Depths:4 | Entered Level 4 of the Depths
 61330 | Depths:4 | Reached XP level 24. HP: 186/197 MP: 31/37
 61555 | Depths:4 | Found a gate to the Realm of Zot.
 61599 | Depths:4 | Got the Quarto of Outbursts
 62116 | Depths:4 | Found a one-way gateway to a ziggurat.
 62435 | Depths:4 | Reached skill level 10 in Translocations
 62894 | Vaults:5 | Entered Level 5 of the Vaults
 62988 | Vaults:5 | Noticed a dread lich
 63122 | Vaults:4 | Killed a dread lich
 63241 | Vaults:5 | Noticed a dread lich
 63270 | Vaults:5 | Noticed a dread lich
 63282 | Vaults:5 | Killed a dread lich
 63472 | Vaults:5 | Got the Spellbook of Vapour and Hexes
 63513 | Vaults:5 | Reached skill level 1 in Shapeshifting
 63529 | Vaults:5 | Identified the +2 great sword of the Gnashing Hero {speed,
                  | Int+3 Dex+5}
 63718 | Vaults:5 | Reached XP level 25. HP: 199/204 MP: 35/37
 63718 | Vaults:5 | Noticed Mara
 63729 | Vaults:5 | Noticed ragingrage's illusion
 63781 | Vaults:5 | Killed Mara
 63783 | Vaults:5 | Killed a dread lich
 64103 | Vaults:5 | Identified the +4 trident "Near" {heavy, Stlth+}
 64488 | Vaults:5 | Identified the +6 orcbow "Pendulum" {antimagic, ^Drain
                  | rPois Str+5 SInv}
 64814 | Vaults:5 | Got a silver rune of Zot
 64833 | Vaults:5 | Identified the +0 pair of gloves of the Unstoppable Coins
                  | {+Inv rElec}
 65072 | Vaults:5 | Identified the staff "Adghif" {rN+ Necro Tloc}
 65409 | Vaults:5 | Found the -2 hat of the Alchemist {rElec rPois rF+ rC+ rN+
                  | Will+ rMut rCorr}
 65427 | Vaults:5 | Got the Tome of Helpful Ectoplasm
 65928 | Slime:1  | Entered Level 1 of the Pits of Slime
 67551 | Orc:2    | Bought 3 silver javelins for 297 gold pieces
 67551 | Orc:2    | Bought a scroll of revelation for 82 gold pieces
 67551 | Orc:2    | Bought a scroll of revelation for 82 gold pieces
 67747 | Shoals:2 | Bought 2 silver javelins for 270 gold pieces
 67747 | Shoals:2 | Bought 2 silver javelins for 270 gold pieces
 68341 | Slime:2  | Noticed Dissolution
 68354 | Slime:1  | Killed Dissolution
 68695 | Slime:1  | Reached skill level 5 in Shapeshifting
 69318 | Slime:2  | Paralysed by a formless jellyfish for 1 turns
 71452 | Slime:5  | Entered Level 5 of the Pits of Slime
 71483 | Slime:5  | Noticed the Royal Jelly
 72662 | Slime:5  | Killed the Royal Jelly
 72988 | Slime:5  | Gained mutation: Your magical capacity is low. (-10% MP) [a
                  | shining eye]
 73257 | Slime:5  | Reached skill level 10 in Throwing
 73320 | Slime:5  | Identified the staff "Haymutug" {rPois rN+ Str+8 Int-3
                  | Dex-5 Necro}
 73321 | Slime:5  | Identified the +1 robe of Hadjma {*Slow +Blink Dex+3}
 73322 | Slime:5  | Identified the +1 ring mail "Gaeruuc" {Str+6 Int+3}
 73328 | Slime:5  | Identified the +2 longbow "Hydraslayer" {heavy, Will+
                  | rCorr}
 73455 | Slime:5  | Identified the staff "Goblinbane" {rC+ Int-2 Dex+5 Ice
                  | Earth}
 73461 | Slime:5  | Identified the +0 shortbow of Bokiw {elec, rN+ Will+}
 73466 | Slime:5  | Identified the +3 plate armour "Zoesom" {Dex+3}
 73512 | Slime:5  | Got a slimy rune of Zot
 74226 | Zot:1    | Entered Level 1 of the Realm of Zot
 74226 | Zot:1    | Found a basalt altar of Yredelemnul.
 74237 | Zot:1    | Reached XP level 26. HP: 139/215 MP: 3/33
 75120 | Depths:3 | Bought a scroll of enchant armour for 142 gold pieces
 75410 | Elf:1    | Bought a scroll of teleportation for 51 gold pieces
 75410 | Elf:1    | Bought a scroll of enchant armour for 127 gold pieces
 75425 | Elf:1    | Found the ring of Shadows {Umbra +Inv Stlth+}
 76294 | Zot:1    | Identified the +1 chain mail of the Bursting Gods {Str+3}
 76572 | Zot:1    | Found Tiynnee's Changing Room.
 77187 | Zot:1    | Noticed an orb of fire
 77233 | Zot:1    | Killed an orb of fire
 78696 | Zot:2    | Found a transporter.
 78698 | Zot:2    | Found a transporter.
 78771 | Zot:2    | Found a transporter.
 78881 | Zot:2    | Found a transporter.
 79178 | Zot:2    | Found a transporter.
 79191 | Zot:2    | Found a transporter.
 79429 | Zot:2    | Noticed an orb of fire
 79436 | Zot:2    | Gained mutation: You are occasionally teleported next to
                  | monsters. [an orb of fire]
 79452 | Zot:2    | Gained mutation: Your health recovers twice as slowly from
                  | being drained. [an orb of fire]
 79454 | Zot:2    | Killed an orb of fire
 79457 | Zot:2    | Reached skill level 5 in Spellcasting
 80015 | Zot:2    | Reached skill level 10 in Armour
 80250 | Zot:2    | Identified the +0 arbalest of Taakhiwk {penet, rElec
                  | Stlth+}
 80502 | Zot:2    | Identified the +1 morningstar "Gycaox" {drain, Int+4}
 80708 | Zot:3    | Reached skill level 10 in Shapeshifting
 80778 | Zot:3    | Lost mutation: Your magical capacity is low. (-10% MP)
                  | [potion of mutation]
 80778 | Zot:3    | Lost mutation: You are occasionally teleported next to
                  | monsters. [potion of mutation]
 80778 | Zot:3    | Lost mutation: Your health recovers twice as slowly from
                  | being drained. [potion of mutation]
 80778 | Zot:3    | Gained mutation: You have supernaturally acute eyesight.
                  | (SInv) [potion of mutation]
 80778 | Zot:3    | Gained mutation: You are dopey. (Int -2) [potion of
                  | mutation]
 80778 | Zot:3    | Gained mutation: Your muscles are strong. (Str +4, Int/Dex
                  | -1) [potion of mutation]
 81828 | Zot:3    | Reached XP level 27. HP: 209/221 MP: 4/37
 82583 | Zot:3    | Reached skill level 21 in Invocations
 83593 | Zot:4    | Identified the staff "Wuiskiq" {Str+3 Dex+4 Earth}
 84205 | Snake:2  | Bought a wand of roots (18) for 648 gold pieces
 85011 | Zot:5    | Entered Level 5 of the Realm of Zot
 86088 | Crypt:1  | Entered Level 1 of the Crypt
 86618 | Crypt:1  | Reached skill level 22 in Invocations
 87426 | Crypt:2  | Noticed Bai Suzhen
 87449 | Crypt:2  | Killed Bai Suzhen
 87882 | Crypt:2  | Reached skill level 23 in Invocations
 88227 | Crypt:3  | Entered Level 3 of the Crypt
 88274 | Crypt:3  | Noticed Margery
 88295 | Crypt:3  | Killed Margery
 88391 | Crypt:3  | Noticed Boris
 88408 | Crypt:3  | Killed Boris
 88451 | Crypt:3  | Found a basalt altar of Yredelemnul.
 88755 | Crypt:3  | Identified the orb of Good Intentions {light, Regen+ Necro}
 88755 | Crypt:3  | Noticed Frederick
 89025 | Crypt:3  | Killed Frederick
 89086 | Crypt:3  | Got the Book of Black Words
 89087 | Crypt:3  | Identified the amulet "Peomuphi" {Reflect Rampage ^Fragile
                  | rCorr Str+3 SH+5}
 89093 | Crypt:3  | Learned a level 3 spell: Fugue of the Fallen
 89611 | Crypt:3  | Identified the +2 leather armour of Dishonesty {SInv}
 89650 | Crypt:3  | Noticed Jory
 89664 | Crypt:3  | Killed Jory
 89755 | Crypt:3  | Found a staircase to the Tomb.
 89772 | Crypt:3  | Identified the +4 spear of the Wasp {spect, Int+3 Dex+2
                  | Stlth-}
 89912 | Crypt:3  | Identified the staff of Nyur {rF+ Str+3 Necro Fire}
 90819 | Zot:5    | Noticed a dread lich
 90825 | Zot:5    | Killed a dread lich
 90836 | Zot:5    | Learned a level 5 spell: Yara's Violent Unravelling
 90857 | Zot:5    | Noticed an orb of fire
 90878 | Zot:5    | Gained mutation: You have hidden genetic defects. [an orb
                  | of fire]
 90883 | Zot:5    | Killed an orb of fire
 90898 | Zot:5    | Noticed a dread lich
 90902 | Zot:5    | Noticed an orb of fire
 90918 | Zot:5    | Killed a dread lich
 90925 | Zot:5    | Gained mutation: You are frail. (-10% HP) [an orb of fire]
 90930 | Zot:5    | Gained mutation: You are very frail. (-20% HP) [an orb of
                  | fire]
 90936 | Zot:5    | Gained mutation: You are extremely frail. (-30% HP) [an orb
                  | of fire]
 90943 | Zot:5    | Killed an orb of fire
 90952 | Zot:5    | Lost mutation: You have supernaturally acute eyesight.
                  | (SInv) [potion of mutation]
 90952 | Zot:5    | Lost mutation: You are dopey. (Int -2) [potion of mutation]
 90952 | Zot:5    | Lost mutation: You have hidden genetic defects. [potion of
                  | mutation]
 90952 | Zot:5    | Gained mutation: You are somewhat resistant to further
                  | mutation. [potion of mutation]
 90953 | Zot:5    | Lost mutation: You are extremely frail. (-30% HP) [potion
                  | of mutation]
 90953 | Zot:5    | Lost mutation: You are very frail. (-20% HP) [potion of
                  | mutation]
 90953 | Zot:5    | Gained mutation: You are clumsy. (Dex -2) [potion of
                  | mutation]
 90953 | Zot:5    | Gained mutation: Your skin changes colour to match your
                  | surroundings (Stealth+). [potion of mutation]
 91949 | Zot:5    | Reached skill level 15 in Shapeshifting
 92125 | Zot:5    | Noticed an ancient lich
 92134 | Zot:5    | Killed an ancient lich
 92136 | Zot:5    | Noticed an ancient lich
 92164 | Zot:5    | Killed an ancient lich
 92527 | Zot:5    | Reached skill level 1 in Necromancy
 92537 | Zot:5    | Noticed an ancient lich
 92545 | Zot:5    | Noticed an orb of fire
 92563 | Zot:5    | Killed an orb of fire
 92565 | Zot:5    | Killed an ancient lich
 93005 | Zot:5    | Noticed an ancient lich
 93022 | Zot:5    | Killed an ancient lich
 93136 | Zot:5    | Reached skill level 5 in Necromancy
 93291 | Zot:5    | Noticed a dread lich
 93314 | Zot:5    | Killed a dread lich
 93626 | Zot:5    | Got the Orb of Zot
 93828 | Depths:3 | Noticed Rishraut the pandemonium lord
 93919 | D:15     | Noticed Gychywk the pandemonium lord
 93938 | D:15     | Killed Gychywk the pandemonium lord
 94373 | D:$      | Escaped with the Orb!

Illustrated notes

Levels and vault maps discovered:
D:1:      matt_arrival_grand_opening, layout_rooms
D:2:      layout_basic
D:3:      minmay_octagon_keep, layout_basic, kiku_gazebo_garden_becter,
          serial_shops, nicolae_shop_tiny_real_fake_doors, cheibrodos_gnoll_hut
D:4:      layout_basic, serial_shops, shop
D:5:      layout_gridville, chequers_temple_overflow_statue_of_worship
D:6:      layout_loops_ring, elyvilon_altar_5, temple_fountains
D:7:      layout_basic, tso_metal_star, marbit_many_paths
D:8:      minmay_four_partial_circles, layout_loops_ring, enter_bailey_2,
          st_stairs_8, uniq_pikel
D:9:      layout_basic, trog_three_pillars_becter, slow_altar_1,
          nzn_wu_jian_contemplation, grunt_temple_overflow_cloverleaf,
          serial_undead, serial_undead_f, serial_undead_d, serial_undead_e,
          serial_undead_e, uniq_erica, uniq_grum
D:10:     layout_basic, kennysheep_mini, erik_lair_orcish_takeover,
          onia_ninara_cookie
D:11:     layout_gridville, hiddenorc2_lemuel
D:12:     layout_big_octagon, kennysheep_another_room, fountainhead
D:13:     layout_roguey [special_room_bee], uniq_erolcha
D:14:     layout_loops_corners, hellmonk_vaults_order_and_chaos,
          nicolae_gozag_cash_rules_everything_around_me, hangedman_stone_soup
D:15:     grunt_enter_depths_magical_seal, layout_gridville, nicolae_tricolors
Lair:1:   layout_gridlike, gammafunk_ghost_ooze, special_room
Lair:2:   layout_layer_cave, minivault_19, serial_bayou_shore_b,
          grunt_megastairs_4, infiniplex_staircase_pool_2, uniq_fannar
Lair:3:   cheibrodos_lair_overgrown_chateau, layout_regular_city,
          shoals_dummy_entry, dummy_snake_entry, infiniplex_staircase_pool
Lair:4:   gammafunk_mikee_crab_dinner, layout_gridlike,
          ebering_ghost_inner_flame, st_stairs_12, grunt_megastairs_3,
          uniq_snorg
Lair:5:   grunt_lair_end_beastmaster, layout_misc_corridors, slime_entry_2,
          st_stairs_9, lemuel_fruit_tree, uniq_kirke, uniq_rupert
Shoals:1: layout_shoals
Shoals:2: layout_shoals, abandoned_shop, nicolae_shop_firing_range, uniq_louise
Shoals:3: layout_shoals, nicolae_shoals_mertower
Shoals:4: shoals_end_grunt_ice, layout_shoals
Snake:1:  layout_chambers, portal_ice_cave_entry_pillars_three, basic_altar
Snake:2:  layout_honeycomb, basic_altar, st_stairs_8,
          nicolae_shop_overcharged_wands, minmay_shop_grove
Snake:3:  layout_cave_town
Snake:4:  johnstein_snake_rune_scales, layout_cave_town, nicolae_shop_gadgets,
          uniq_nikola, uniq_asterion, uniq_donald, uniq_agnes
Slime:1:  nicolae_slime_jelly_donut, layout_caves
Slime:2:  layout_caves, uniq_dissolution
Slime:3:  layout_caves, nicolae_slime_getting_an_eyeful
Slime:4:  layout_caves
Slime:5:  slime_pit_nicolae_jellycorners
Orc:1:    layout_caves
Orc:2:    st_orc_town, layout_caves, nicolae_orc_pool_cavern,
          regret_index_minedec_devilstone, kennysheep_orc_sif_temple
Elf:1:    eino_elf_arrival_sip, layout_geoelf_diagonals, serial_shops, shop,
          kennysheep_underground_church, grunt_ministairs_14, dk_noncrumbling_2,
          st_stairs_6, door_vault
Elf:2:    elven_hall_of_blades_hangedman_original [nicolae_blade_bullseye],
          layout_gridlike, serial_glass, glass_columns_a, glass_columns_b
Elf:3:    minmay_elf_hall_x, layout_onion_city, minmay_misc_feat_rows,
          st_stairs_2, abandoned_shop
Vaults:1: nicolae_vaults_circle_grid_a, v_misc_10, nicolae_vaults_house_3,
          nicolae_vaults_tangram_1, v_alt_pattern_6,
          nicolae_vaults_shipping_containers_1,
          vaults_standard_mumra_enter_the_diamond,
          nicolae_vaults_closet_pinwheel_1, vaults_mumra_lcd,
          nicolae_vaults_three_branches, nicolae_vaults_closet_pinwheel_1,
          v_misc_25, nicolae_vaults_house_1, nicolae_vaults_angled_halls,
          nicolae_vaults_angled_halls, nicolae_vaults_little_squares_4,
          layout_vaults_omnibox, serial_shops, nicolae_shop_stone, uniq_boris
Vaults:2: nicolae_vaults_two_Ls, v_rooms_4, vaults_dpeg_emergency_exit,
          grunt_vaults_focal, minmay_crypt_entry_simple_statues,
          nicolae_vaults_ninety_degrees, nicolae_vaults_sealed_display,
          layout_vaults_quadrants
Vaults:3: nicolae_vaults_sightless_eye, st_greater_box_4,
          nicolae_vaults_storage_room_glass, nicolae_vaults_big_angled_halls,
          hangedman_vaults_capsules, nicolae_vaults_closet_pinwheel_5,
          vaults_room_boxed, nicolae_vaults_network_barrier, vaults_room_pool,
          nicolae_vaults_alarming, vaults_room_octagon, layout_vaults_maze
Vaults:4: v_alt_pattern_2, v_misc_26, v_rooms_3,
          nicolae_vaults_little_squares_5, nicolae_vaults_more_shelving_1,
          ontoclasm_vaults_hangar, hangedman_vaults_nodes,
          dpeg_vaults_monster_row, nicolae_vaults_tangram_2,
          nicolae_vaults_diamond_2, nicolae_vaults_tetromino_T_2,
          vaults_room_semicircle, nicolae_vaults_crenellated_ambush,
          nicolae_vaults_trapezoid_4, layout_vaults_ring, serial_shops, shop,
          nicolae_shop_bloodbath_and_beyond, shop, enter_trove_0
Vaults:5: uniq_mara
Crypt:1:  layout_rooms, nicolae_danse_macabre
Crypt:2:  layout_misc_corridors, st_stairs_14, grunt_megastairs_1,
          uniq_bai_suzhen
Crypt:3:  grunt_crypt_end_deaths_head, uniq_margery, uniq_jory, uniq_frederick
Depths:1: layout_basic, minmay_room_of_horrors, hell_entry,
          minmay_misc_feat_columns, dpeg_stationary_puzzle
Depths:2: minmay_crystal_thing, layout_long_grid, grunt_pan_entry_in_and_out,
          serial_shops, shop, serial_rivers, chequers_serial_rivers_large_b,
          chequers_serial_rivers_small_3, chequers_serial_rivers_micro_e,
          chequers_serial_rivers_small_3, chequers_serial_rivers_room_a,
          chequers_serial_rivers_large_a, hangedman_coc_ice_floe,
          serial_bayou_shore_b, minmay_staircase_statues
Depths:3: grated_community_mu [grated_community_mu_vampire_home,
          grated_community_mu_giant_home, grated_community_mu_spellcaster_home,
          grated_community_mu_orcish_home, grated_community_mu_troll_home,
          grated_community_mu_taur_home, grated_community_mu_unbuilt_plot],
          layout_gridville, abyss_entry, kennysheep_cross_bottleneck,
          hangedman_geh_valley, hangedman_decor_diamond_cutter, uniq_sojobo,
          uniq_grunn
Depths:4: evilmike_zot_entry_argh, layout_gridlike, enter_ziggurat_d, hell_entry
Zot:1:    layout_gridlike, nicolae_transmutations_shop,
          regret_index_zotdec_misc_clamp, regret_index_zotdec_icy_dp,
          st_stairs_11
Zot:2:    layout_gridlike, hangedman_zot_decor_tridents, serial_nicolae_subway,
          nicolae_sub_station_stone, nicolae_sub_station_crystal,
          nicolae_sub_station_metal, grunt_megastairs_2
Zot:3:    layout_gridlike, regret_index_zot_stipple_split
Zot:4:    kennysheep_ambush_hall, layout_basic,
          regret_index_zotdec_barnacled_simple, st_stairs_7,
          st_large_dragon_hoard_3
Zot:5:    layout_misc_corridors

Skill      XL: |  1  2  3  4  5  6  7  8  9 10 11 12 13 14 15 16 17 18 19 20 21 22 23 24 25 26 27 |
---------------+----------------------------------------------------------------------------------+-----
Earth Magic    | 3 4 |  4.0
Long Blades    | 1 3 5 7 9 11 12 13 14 15 18 | 18.4
Evocations     | 3 4 5 8 11 12 14 15 | 15.0
Dodging        | 5 9 11 14 15 16 17 20 | 20.0
Fighting       | 5 9 12 14 15 16 17 18 19 22 | 22.0
Invocations    | 5 11 12 14 15 17 18 19 20 23 | 23.0
Throwing       | 4 8 10 12 | 12.1
Armour         | 2 4 5 6 8 11 | 11.0
Alchemy        | 3 10 11 14 15 | 15.9
Fire Magic     | 3 5 6 |  6.0
Shields        | 9 10 13 15 16 | 16.3
Spellcasting   | 3 4 6 |  6.0
Translocations | 8 13 | 13.0
Shapeshifting  | 3 5 10 15 | 15.7
Necromancy     | 8 |  8.6
Stealth        | |  2.1
Conjurations   | |  0.7

Action                     |  1- 3 |  4- 6 |  7- 9 | 10-12 | 13-15 | 16-18 | 19-21 | 22-24 | 25-27 || total
---------------------------+-------+-------+-------+-------+-------+-------+-------+-------+-------++-------
  Melee: Short sword       |    14 |       |       |       |       |       |       |       |       ||    14
         Quarterstaff      |     1 |       |       |       |       |       |       |       |       ||     1
         Long sword        |       |    35 |     1 |    30 |       |       |       |       |       ||    66
         Scimitar          |       |    15 |   253 |   548 |   998 |  1368 |   481 |       |       ||  3663
         Punch             |       |       |     6 |     7 |    13 |    14 |       |       |       ||    40
         Tailslap          |       |       |       |       |       |     1 |     1 |    34 |     2 ||    38
         Great sword       |       |       |       |       |       |       |   139 |       |       ||   139
         Double sword      |       |       |       |       |       |       |   300 |  1306 |  2970 ||  4576
         Unarmed           |       |       |       |       |       |       |       |       |     3 ||     3
         Demon blade       |       |       |       |       |       |       |       |       |   198 ||   198
   Fire: Shortbow          |       |       |       |   225 |       |       |       |       |       ||   225
  Throw: Dart              |       |       |    27 |    60 |    66 |    23 |     1 |       |     1 ||   178
         Throwing net      |       |       |       |     1 |       |     1 |       |       |       ||     2
         Javelin           |       |       |       |       |       |       |       |       |    29 ||    29
   Cast: Sandblast         |    59 |    85 |    19 |       |       |       |       |       |       ||   163
         Olgreb's Toxic Ra |       |       |       |       |    31 |    60 |   157 |   105 |     1 ||   354
         Ignite Poison     |       |       |       |       |       |    19 |    85 |    42 |       ||   146
         Eringya's Noxious |       |       |       |       |       |       |     3 |       |       ||     3
         Manifold Assault  |       |       |       |       |       |       |       |    17 |   604 ||   621
 Invoke: Upheaval          |       |       |       |     2 |     3 |    15 |     6 |       |     8 ||    34
         Elemental Force   |       |       |       |     1 |     5 |     4 |       |       |     1 ||    11
         Disaster Area     |       |       |       |       |     1 |     1 |       |     2 |     4 ||     8
  Evoke: Wand              |       |       |     2 |     6 |     7 |    13 |     9 |     5 |    19 ||    61
         Tin of tremorston |       |       |     2 |     2 |     3 |     5 |     4 |     3 |     6 ||    25
         Lightning rod     |       |       |       |       |     8 |     3 |     4 |     7 |     4 ||    26
         Phial of floods   |       |       |       |       |     1 |     1 |     1 |     1 |       ||     4
         Phantom mirror    |       |       |       |       |       |     1 |     1 |       |     4 ||     6
         Sack of spiders   |       |       |       |       |       |       |     1 |     2 |     1 ||     4
    Use: Scroll            |       |     9 |       |    11 |     8 |    10 |     2 |     3 |    21 ||    64
         Potion            |       |     1 |     1 |     1 |       |     2 |     1 |     2 |     9 ||    17
   Stab: Invisible         |       |       |       |     3 |       |       |       |       |       ||     3
         Held in net/web   |       |       |       |     2 |       |       |       |       |       ||     2
         Paralysed         |       |       |       |       |     9 |     6 |       |       |     3 ||    18
         Petrified         |       |       |       |       |     6 |     1 |    13 |       |       ||    20
         Distracted        |       |       |       |       |     1 |     1 |       |     3 |       ||     5
         Petrifying        |       |       |       |       |     1 |       |     1 |       |       ||     2
         Sleeping          |       |       |       |       |       |       |     1 |       |       ||     1
 Armour: Robe              |    19 |    39 |     2 |       |       |       |       |       |       ||    60
         Skin              |       |     7 |       |       |       |       |       |       |       ||     7
         Ring mail         |       |       |    90 |   168 |   251 |   411 |   371 |   391 |    96 ||  1778
         Fire dragon scale |       |       |       |       |       |       |       |       |   669 ||   669
  Dodge: Dodged            |    26 |    60 |   185 |   336 |   821 |   927 |   622 |   890 |   872 ||  4739
         Repelled          |       |       |       |       |     3 |    48 |     9 |    16 |    48 ||   124
  Block: Other             |       |       |    10 |    78 |   251 |   225 |    38 |       |       ||   602
         Buckler           |       |       |       |       |       |   145 |   330 |       |       ||   475
         Kite shield       |       |       |       |       |       |       |   274 |  1578 |  2285 ||  4137
